Map: [ESL] Inside and Out

Players

Zoun - Winner!

  • Race: Protoss Protoss
  • Spawn Location: 1:00

LiquidElazer (Elazer)

  • Race: Zerg Zerg
  • Spawn Location: 7:00

Event: HomeStory Cup XXI

VOD

Have the link to the VOD?

Description

Time

  • Played on: July 23, 2022, 6:16 p.m.
  • Length: 8:53

All games in this series

Show
View Real Time Build Order
Export as new Build Order

Zoun Protoss - Winner!

Build Orders: 1 Gate Expand, Mass Adepts 

Get SALT Encoding   

  12  0:00  Probe  
  13  0:12  Probe  
  14  0:19  Pylon  
  14  0:24  Probe  
  15  0:37  Probe (Chrono Boost)  
  15  0:40  Gateway  
  16  0:46  Probe (Chrono Boost)  
  16  0:49  Assimilator  
  17  0:52  Probe  
  18  1:07  Probe  
  19  1:19  Probe  
  20  1:26  Nexus  
  20  1:36  Cybernetics Core  
  20  1:39  Probe  
  21  1:47  Assimilator  
  21  1:51  Probe  
  22  1:54  Pylon  
  22  2:03  Probe  
  23  2:09  Adept (Chrono Boost)  
  23  2:14  Warp Gate  
  25  2:16  Probe  
  25  2:21  Twilight Council  
  26  2:28  Probe  
  27  2:33  Stalker  
  29  2:38  Probe (Chrono Boost)  
  29  2:43  Probe (Chrono Boost)  
  31  2:50  Probe (Chrono Boost)  
  32  2:52  Robotics Facility  
  32  2:53  Probe (Chrono Boost)  
  32  2:57  Probe (Chrono Boost)  
  34  3:10  Adept  
  34  3:12  Resonating Glaives (Chrono Boost), Gateway  
  36  3:14  Probe  
  36  3:15  Probe  
  38  3:30  Gateway  
  38  3:31  Gateway  
  40  3:38  Warp Prism  
  40  3:44  Pylon, Probe  
  40  3:47  Probe  
  42  3:51  Pylon  
  42  3:56  Probe  
  42  4:00  Probe  
  42  4:02  Adept  
  46  4:06  Adept  
  46  4:09  Probe  
  49  4:11  Assimilator  
  49  4:12  Probe  
  50  4:21  Probe  
  51  4:24  Probe  
  51  4:28  Pylon  
  51  4:31  Adept x4  
  60  4:33  Probe  
  60  4:37  Robotics Bay  
  61  4:39  Observer  
  64  4:56  Pylon, Assimilator  
  64  4:57  Adept x4  
  70  5:04  Pylon  
  70  5:14  Probe x2  
  70  5:18  Adept x3  
  70  5:20  Pylon  
  78  5:22  Pylon  
  78  5:24  Adept  
  78  5:25  Disruptor (Chrono Boost)  
  81  5:31  Gravitic Drive  
  79  5:53  Probe x2  
  79  5:54  Disruptor  
  84  5:59  Gateway  
  84  6:02  Gateway x2  
  84  6:04  Gateway  
  84  6:10  Observer  
  84  6:13  Nexus  
  84  6:15  Adept  
  86  6:24  Pylon  
  86  6:27  Adept x2  
  86  6:31  Shield Battery  
  90  6:35  Adept x2  
  94  6:46  Shield Battery  
  94  6:59  Adept x6  
  94  7:00  Observer  
  106  7:04  Adept x2  
  110  7:11  Pylon  
  110  7:35  Adept x4  
  110  7:36  Adept x4  
  102  8:01  Adept x8  
  108  8:26  Adept x8  
Show
View Real Time Build Order
Export as new Build Order

LiquidElazer Zerg 

Build Orders: Hatch First 

Get SALT Encoding   

  12  0:00  Drone  
  13  0:12  Overlord  
  13  0:17  Drone  
  14  0:30  Drone x2  
  16  0:48  Hatchery  
  15  0:51  Drone  
  15  0:54  Drone  
  17  0:58  Drone  
  18  1:09  Extractor  
  17  1:13  Spawning Pool  
  17  1:17  Drone  
  17  1:20  Drone  
  18  1:29  Drone  
  19  1:38  Drone  
  20  1:49  Overlord  
  20  1:59  Queen x2  
  20  2:00  Drone, Zergling x2  
  26  2:11  Drone x2  
  26  2:13  Metabolic Boost  
  28  2:21  Drone x2  
  30  2:33  Drone  
  30  2:34  Drone  
  30  2:35  Queen  
  34  2:43  Overlord, Zergling x2  
  35  2:54  Hatchery  
  35  2:56  Drone x2  
  36  3:01  Queen  
  39  3:05  Drone  
  39  3:07  Drone x2  
  39  3:09  Drone  
  42  3:15  Overlord  
  42  3:17  Queen  
  44  3:23  Overlord  
  44  3:27  Spore Crawler  
  44  3:28  Drone  
  44  3:36  Drone x2  
  44  3:39  Zergling x8  
  50  3:42  Zergling x2  
  50  3:43  Drone  
  50  3:44  Queen  
  54  3:53  Queen  
  54  3:55  Drone x3  
  59  4:01  Overlord  
  59  4:09  Drone  
  60  4:11  Roach Warren, Drone  
  60  4:12  Drone  
  61  4:17  Zergling x10  
  61  4:23  Overlord  
  66  4:26  Spore Crawler  
  66  4:29  Zergling x10  
  70  4:32  Overlord  
  72  4:45  Zergling x10  
  72  4:49  Overlord  
  75  4:54  Roach  
  75  4:55  Roach x3  
  83  5:02  Roach x2  
  83  5:05  Roach, Zergling x2  
  83  5:06  Overlord  
  83  5:07  Overlord  
  88  5:18  Roach x2, Zergling x8  
  96  5:26  Zergling x4  
  98  5:29  Zergling x8  
  102  5:38  Queen x3  
  108  5:49  Roach x4  
  114  5:52  Overlord  
  114  5:57  Overlord  
  114  6:03  Overlord  
  114  6:10  Drone x8  
  121  6:11  Overlord x2  
  121  6:17  Drone x3  
  121  6:18  Drone x2  
  126  6:22  Overlord  
  126  6:26  Drone x3  
  126  6:31  Overlord  
  129  6:32  Extractor  
  129  6:34  Extractor  
  129  6:39  Baneling Nest, Overlord  
  126  6:41  Drone x3  
  126  6:42  Drone x2  
  131  6:47  Queen  
  131  6:51  Overlord  
  137  6:57  Drone x8  
  133  7:01  Lair  
  133  7:06  Overlord  
  131  7:10  Extractor  
  131  7:11  Extractor  
  128  7:18  Overlord  
  147  7:30  Roach x10  
  139  7:40  Roach x2, Queen x2  
  124  7:45  Roach  
  124  7:46  Roach x3  
  124  7:47  Zergling x8  
  133  7:54  Zergling x8  
  123  7:59  Zergling x2  
  123  8:03  Queen  
  120  8:11  Zergling x2  
  120  8:12  Zergling x8  
  117  8:15  Zergling x2  
  117  8:16  Zergling x10  
  107  8:23  Roach x4  
Tags
 
Add a new tag
Caveats
  • Supply blocks, unpowered buildings, or Contaminate may cause inaccurate times.
  • Supply counts are checked every 10 seconds.